EL
SAN ANTONIO MISSIONS @ ALTOONA CURVE
09/02/2047
 
TOP OF THE 1ST
San Antonio Missions batting - Pitching for Altoona Curve : LHP Martin Garcia
Pitching: LHP Martin Garcia
Batting: RHB Jaden Scott 0-0: Foul Ball, location: 2F
0-1: Ball
1-1: Swinging Strike
1-2: Strikes out swinging
Batting: RHB Juan Espinoza 0-0: Called Strike
0-1: Called Strike
0-2: Foul Ball, location: 2F
0-2: Ground out 4-3 (Groundball, 4M, EV 110.6 MPH)
Batting: RHB Manny Jurado 0-0: Swinging Strike
0-1: Foul Ball, location: 2F
0-2: Foul Ball, location: 2F
0-2: Ball
1-2: Ground out 5-3 (Groundball, 5, EV 84.4 MPH)
Top of the 1st over - 0 runs, 0 hits, 0 errors, 0 left on base; San Antonio 0 - Altoona 0
BOTTOM OF THE 1ST
Altoona Curve batting - Pitching for San Antonio Missions : RHP Mike Foulger
Pitching: RHP Mike Foulger
Batting: RHB Ron Corn 0-0: Ground out 4-3 (Groundball, 4, EV 84.4 MPH)
Batting: LHB Phil DeCamp 0-0: Called Strike
0-1: Called Strike
0-2: Ball
1-2: Ball
2-2: Ball
3-2: Foul Ball, location: 2F
3-2: Foul Ball, location: 2F
3-2: Strikes out swinging
Batting: LHB Marc Carter 0-0: Called Strike
0-1: Ball
1-1: Fly out, F8 (Line Drive, 8RM, EV 95.0 MPH)
Bottom of the 1st over - 0 runs, 0 hits, 0 errors, 0 left on base; San Antonio 0 - Altoona 0
TOP OF THE 2ND
San Antonio Missions batting - Pitching for Altoona Curve : LHP Martin Garcia
Batting: SHB Hatsuo Miura 0-0: Foul Ball, location: 2F
0-1: Ball
1-1: Foul Ball, location: 2F
1-2: Strikes out swinging
Batting: RHB Joe Weissman 0-0: Ball
1-0: Ball
2-0: Fly out, F7 (Flyball, 78S, EV 78.1 MPH)
Batting: RHB Bill Williams 0-0: Ground out 5-3 (Groundball, 56, EV 85.0 MPH)
Top of the 2nd over - 0 runs, 0 hits, 0 errors, 0 left on base; San Antonio 0 - Altoona 0
BOTTOM OF THE 2ND
Altoona Curve batting - Pitching for San Antonio Missions : RHP Mike Foulger
Batting: RHB Jose Almonte 0-0: Ball
1-0: Called Strike
1-1: Fly out, F7 (Line Drive, 7LM, EV 86.2 MPH)
Batting: SHB Mike Corley 0-0: SOLO HOME RUN (Flyball, 9D, EV 99.4 MPH), Distance : 394 ft
Batting: RHB John Goynes 0-0: Swinging Strike
0-1: Foul Ball, location: 2F
0-2: Ground out 3-1 (Groundball, 34, EV 82.5 MPH)
Batting: RHB Matt Keef 0-0: Ball
1-0: Called Strike
1-1: Ground out 6-3 (Groundball, 6, EV 92.5 MPH)
Bottom of the 2nd over - 1 run, 1 hit, 0 errors, 0 left on base; San Antonio 0 - Altoona 1
TOP OF THE 3RD
San Antonio Missions batting - Pitching for Altoona Curve : LHP Martin Garcia
Batting: LHB Josh Slusarczyk 0-0: Swinging Strike
0-1: Foul Ball, location: 2F
0-2: Ball
1-2: Ground out 1-3 (Groundball, 13S, EV 65.0 MPH)
Batting: RHB Danny Gallegos 0-0: Foul Ball, location: 2F
0-1: Foul Ball, location: 2F
0-2: Ground out 6-3 (Groundball, 6, EV 89.4 MPH)
Batting: LHB Yeong-hun Joe 0-0: Called Strike
0-1: Ball
1-1: Foul Ball, location: 2F
1-2: Ball
2-2: TRIPLE (Line Drive, 78XD, EV 104.4 MPH)
Batting: RHB Jaden Scott 0-0: Ball
1-0: Ground out 6-3 (Groundball, 6S, EV 81.9 MPH)
Top of the 3rd over - 0 runs, 1 hit, 0 errors, 1 left on base; San Antonio 0 - Altoona 1
BOTTOM OF THE 3RD
Altoona Curve batting - Pitching for San Antonio Missions : RHP Mike Foulger
Batting: SHB Curtis Thompson 0-0: Foul Ball, location: 2F
0-1: Ground out 4-3 (Groundball, 4, EV 95.0 MPH)
Batting: RHB Pleun Smit 0-0: Ball
1-0: Fly out, F7 (Flyball, 78D, EV 84.4 MPH)
Batting: RHB Ron Corn 0-0: Swinging Strike
0-1: Ball
1-1: Swinging Strike
1-2: Ball
2-2: Strikes out swinging
Bottom of the 3rd over - 0 runs, 0 hits, 0 errors, 0 left on base; San Antonio 0 - Altoona 1
TOP OF THE 4TH
San Antonio Missions batting - Pitching for Altoona Curve : LHP Martin Garcia
Batting: RHB Juan Espinoza 0-0: Ball
1-0: DOUBLE (Line Drive, 78M, EV 109.4 MPH)
Batting: RHB Manny Jurado 0-0: Ball
1-0: Called Strike
1-1: Ground out 5-3 (Groundball, 15, EV 86.2 MPH)
Batting: SHB Hatsuo Miura 0-0: Called Strike
Juan Espinoza steals 3rd base
0-1: Foul Ball, location: 2F
0-2: Strikes out swinging
Batting: RHB Joe Weissman 0-0: Ball
1-0: Ball
2-0: Called Strike
2-1: SINGLE (Line Drive, 7S, EV 95.6 MPH)
Juan Espinoza scores
Batting: RHB Bill Williams 0-0: Called Strike
0-1: Ball
1-1: Ball
2-1: Ball
3-1: Foul Ball, location: 2F
3-2: Foul Ball, location: 2F
3-2: Foul Ball, location: 2F
3-2: Foul Ball, location: 2F
3-2: Strikes out swinging
Top of the 4th over - 1 run, 2 hits, 0 errors, 1 left on base; San Antonio 1 - Altoona 1
BOTTOM OF THE 4TH
Altoona Curve batting - Pitching for San Antonio Missions : RHP Mike Foulger
Batting: LHB Phil DeCamp 0-0: Ball
1-0: Called Strike
1-1: Ball
2-1: Foul Ball, location: 2F
2-2: Foul Ball, location: 2F
2-2: Strikes out looking
Batting: LHB Marc Carter 0-0: Ball
1-0: Swinging Strike
1-1: Swinging Strike
1-2: Strikes out swinging
Batting: RHB Jose Almonte 0-0: Ball
1-0: Ball
2-0: Ball
3-0: Called Strike
3-1: Foul Ball, location: 2F
3-2: Ground out 1-3 (Groundball, P, EV 71.9 MPH)
Bottom of the 4th over - 0 runs, 0 hits, 0 errors, 0 left on base; San Antonio 1 - Altoona 1
TOP OF THE 5TH
San Antonio Missions batting - Pitching for Altoona Curve : LHP Martin Garcia
Batting: LHB Josh Slusarczyk 0-0: Fly out, F4 (Flyball, 3D, EV 85.6 MPH)
Batting: RHB Danny Gallegos 0-0: Ball
1-0: Fly out, F7 (Flyball, 78S, EV 93.1 MPH)
Batting: LHB Yeong-hun Joe 0-0: Ball
1-0: Ball
2-0: Ball
3-0: Called Strike
3-1: Ground out U3 (Groundball, 34, EV 81.2 MPH)
Top of the 5th over - 0 runs, 0 hits, 0 errors, 0 left on base; San Antonio 1 - Altoona 1
BOTTOM OF THE 5TH
Altoona Curve batting - Pitching for San Antonio Missions : RHP Mike Foulger
Batting: SHB Mike Corley 0-0: Called Strike
0-1: Ground out 1-4-3 (Groundball, 15S, EV 111.9 MPH)
Batting: RHB John Goynes 0-0: Ball
1-0: Ball
2-0: Ground out 6-3 (Groundball, 6, EV 85.6 MPH)
Batting: RHB Matt Keef 0-0: Fly out, F7 (Flyball, 78S, EV 98.1 MPH)
Bottom of the 5th over - 0 runs, 0 hits, 0 errors, 0 left on base; San Antonio 1 - Altoona 1
TOP OF THE 6TH
San Antonio Missions batting - Pitching for Altoona Curve : LHP Martin Garcia
Batting: RHB Jaden Scott 0-0: Ball
1-0: Foul Ball, location: 2F
1-1: Fly out, F9 (Flyball, 89D, EV 91.2 MPH)
Batting: RHB Juan Espinoza 0-0: Ball
1-0: SOLO HOME RUN (Flyball, 9D, EV 98.8 MPH), Distance : 391 ft
Batting: RHB Manny Jurado 0-0: SINGLE (Groundball, 6MS, EV 68.1 MPH) (infield hit)
Batting: SHB Hatsuo Miura 0-0: Swinging Strike
0-1: Ball
1-1: Foul Ball, location: 2F
1-2: Ball
2-2: Strikes out looking
Batting: RHB Joe Weissman 0-0: Called Strike
0-1: Ball
Manny Jurado steals 2nd base
1-1: Foul Ball, location: 2F
1-2: Ball
2-2: Strikes out swinging
Top of the 6th over - 1 run, 2 hits, 0 errors, 1 left on base; San Antonio 2 - Altoona 1
BOTTOM OF THE 6TH
Altoona Curve batting - Pitching for San Antonio Missions : RHP Mike Foulger
Batting: SHB Curtis Thompson 0-0: Swinging Strike
0-1: Ball
1-1: Called Strike
1-2: Strikes out looking
Batting: RHB Pleun Smit 0-0: Called Strike
0-1: SINGLE (Line Drive, 9S, EV 94.4 MPH)
Batting: RHB Ron Corn 0-0: Called Strike
0-1: Foul Ball, location: 2F
0-2: Ball
1-2: Fielders Choice at 2nd, 6-4 (Groundball, 56, EV 91.9 MPH)
Now at 2B: Blake Abbott
Batting: LHB Phil DeCamp 0-0: Called Strike
0-1: Called Strike
0-2: Strikes out swinging
Bottom of the 6th over - 0 runs, 1 hit, 0 errors, 1 left on base; San Antonio 2 - Altoona 1
TOP OF THE 7TH
San Antonio Missions batting - Pitching for Altoona Curve : LHP Martin Garcia
Batting: RHB Bill Williams 0-0: Called Strike
0-1: Ball
1-1: Ball
2-1: Ball
3-1: Foul Ball, location: 2F
3-2: DOUBLE (Flyball, 8RXD, EV 108.8 MPH)
Batting: LHB Josh Slusarczyk 0-0: Ball
1-0: Fly out, F8 (Flyball, 8RD, EV 91.9 MPH)
Batting: RHB Danny Gallegos 0-0: Ball
1-0: Ball
2-0: Called Strike
2-1: Ground out 4-3 (Groundball, 4, EV 105.0 MPH)
Bill Williams to third
Batting: LHB Yeong-hun Joe 0-0: Foul Ball, location: 2F
0-1: Foul Ball, location: 2F
0-2: Foul Ball, location: 2F
0-2: Ball
1-2: Ground out 5-3 (Groundball, 5, EV 88.8 MPH)
Top of the 7th over - 0 runs, 1 hit, 0 errors, 1 left on base; San Antonio 2 - Altoona 1
BOTTOM OF THE 7TH
Altoona Curve batting - Pitching for San Antonio Missions : RHP Mike Foulger
Batting: LHB Marc Carter 0-0: Ball
1-0: Ball
2-0: Ground out U3 (Groundball, 34, EV 81.2 MPH)
Batting: RHB Jose Almonte 0-0: Foul Ball, location: 2F
0-1: Ball
1-1: Called Strike
1-2: Strikes out looking
Batting: SHB Mike Corley 0-0: Ball
1-0: Swinging Strike
1-1: Ball
2-1: Foul Ball, location: 2F
2-2: Ball
3-2: Fly out, F9 (Flyball, 9LM, EV 86.9 MPH)
Bottom of the 7th over - 0 runs, 0 hits, 0 errors, 0 left on base; San Antonio 2 - Altoona 1
TOP OF THE 8TH
San Antonio Missions batting - Pitching for Altoona Curve : LHP Martin Garcia
Batting: SHB Blake Abbott 0-0: Called Strike
0-1: Fly out, F7 (Flyball, 78D, EV 101.2 MPH)
Batting: RHB Juan Espinoza 0-0: Foul Ball, location: 2F
0-1: Called Strike
0-2: Ball
1-2: Foul Ball, location: 2F
1-2: Ball
2-2: Fly out, F4 (Popup, 4S, EV 83.8 MPH)
Batting: RHB Manny Jurado 0-0: Foul Ball, location: 2F
0-1: Ball
1-1: Ball
2-1: Ball
3-1: Foul Ball, location: 2F
3-2: Ground out 4-3 (Groundball, 4, EV 85.0 MPH)
Top of the 8th over - 0 runs, 0 hits, 0 errors, 0 left on base; San Antonio 2 - Altoona 1
BOTTOM OF THE 8TH
Altoona Curve batting - Pitching for San Antonio Missions : RHP Mike Foulger
Pitching: RHP Rich Reinbolt
Batting: RHB John Goynes 0-0: Ball
1-0: Ball
2-0: Foul Ball, location: 2F
2-1: Foul Ball, location: 2F
2-2: Ball
3-2: Strikes out looking
Batting: RHB Matt Keef 0-0: Ball
1-0: Swinging Strike
1-1: Called Strike
1-2: Ground out 4-3 (Groundball, 4, EV 79.4 MPH)
Batting: SHB Curtis Thompson 0-0: Called Strike
0-1: Ball
1-1: Foul Ball, location: 2F
1-2: Foul Ball, location: 2F
1-2: Fly out, F8 (Flyball, 8LD, EV 102.5 MPH)
Bottom of the 8th over - 0 runs, 0 hits, 0 errors, 0 left on base; San Antonio 2 - Altoona 1
TOP OF THE 9TH
San Antonio Missions batting - Pitching for Altoona Curve : LHP Martin Garcia
Pitching: RHP Hugo Rodriguez
Batting: SHB Hatsuo Miura 0-0: Fly out, F8 (Flyball, 8LM, EV 91.2 MPH)
Batting: RHB Joe Weissman 0-0: Called Strike
0-1: Called Strike
0-2: Ball
1-2: Fly out, F8 (Line Drive, 8LM, EV 96.2 MPH)
Batting: RHB Bill Williams 0-0: Ball
1-0: Called Strike
1-1: Foul Ball, location: 2F
1-2: Ball
2-2: Fly out, F8 (Flyball, 8LM, EV 88.1 MPH)
Top of the 9th over - 0 runs, 0 hits, 0 errors, 0 left on base; San Antonio 2 - Altoona 1
BOTTOM OF THE 9TH
Altoona Curve batting - Pitching for San Antonio Missions : RHP Rich Reinbolt
Pitching: RHP Bryan Pitcher
Batting: RHB Pleun Smit 0-0: Ball
1-0: Swinging Strike
1-1: Ball
2-1: SINGLE (Groundball, 4MD, EV 96.9 MPH)
Batting: RHB Ron Corn 0-0: Bunted foul
0-1: Sac Bunt to P - play at first, batter OUT! 1-3
Pleun Smit to second
Batting: LHB Phil DeCamp 0-0: Ball
1-0: SINGLE (Groundball, 34D, EV 103.8 MPH)
Pleun Smit to third
Runner from 3rd tries for Home, SAFE, throw by RF to home
Phil DeCamp to second
Batting: LHB Marc Carter 0-0: Ball
1-0: Foul Ball, location: 2F
1-1: Ball
2-1: Ball
3-1: 2-RUN HOME RUN (Flyball, 9D, EV 109.4 MPH), Distance : 402 ft
Bottom of the 9th over - 3 runs, 3 hits, 0 errors, 0 left on base; San Antonio 2 - Altoona 4
Thursday, December 15th , 2022 - OOTP Baseball 23.9 Build 102